 Dungeon Crawl Stone Soup version 0.30-a0-870-gc5d4c5acee (webtiles) character file.

Game seed: 15323778371836906834

151 cforsyth the Covered (level 5, -5/43 HPs)
             Began as a Barachi Fighter on Mar 12, 2023.
             Slain by an ogre
             ... wielding a +0 giant club
              (19 damage)
             ... on level 3 of the Dungeon.
             The game lasted 00:02:57 (2385 turns).

cforsyth the Covered (Barachi Fighter)              Turns: 2385, Time: 00:02:57

Health: -5/43      AC:  8    Str: 17    XL:     5   Next: 33%
Magic:  5/5        EV:  9    Int: 11    God:
Gold:   136        SH:  4    Dex: 11    Spells: 4/4 levels left

rFire   . . .      SeeInvis .    a - +0 war axe
rCold   . . .      Faith    .    c - +0 buckler
rNeg    . . .      Spirit   .    b - +0 scale mail
rPois   .          Reflect  .    r - +0 helmet
rElec   .          Rampage  .    (no cloak)
rCorr   .                        (no gloves)
Will    .....                    (no boots) Stlth
                                 (no amulet)
HPRegen 0.27/turn                (no ring)
MPRegen 0.09/turn                (no ring)

@: slow
A: amphibious, slowness 1, strong legs 1, +LOS
a: Hop


You were on level 3 of the Dungeon.
You visited 1 branch of the dungeon, and saw 4 of its levels.

You collected 136 gold pieces.

Inventory:

Hand Weapons
 a - a +0 war axe (weapon)
Armour
 b - a +0 scale mail (worn)
 c - a +0 buckler (worn)
 r - a +0 helmet (worn)
Wands
 o - a wand of flame (23)
Scrolls
 e - a scroll of fear {unknown}
 h - 4 scrolls of identify {unknown}
 i - a scroll of enchant weapon {unknown}
 j - 2 scrolls of enchant armour {unknown}
 n - 3 scrolls of blinking {unknown}
 q - a scroll of silence {unknown}
Potions
 d - a potion of might
 f - 2 potions of curing {unknown}
 g - a potion of attraction {unknown}
 k - a potion of lignification {unknown}
 l - 2 potions of brilliance {unknown}
 m - a potion of cancellation {unknown}
 p - a potion of flight {unknown}
 s - a potion of heal wounds {unknown}


   Skills:
 + Level 4.7 Fighting
 + Level 3.4 Axes
 + Level 4.7 Armour
 + Level 4.3 Shields


You had 4 spell levels left.
You didn't know any spells.
Your spell library contained the following spells:

 Spells                   Type           Power      Damage    Failure   Level
 Kiss of Death            Conj/Necr      0%         2d5       82%         1
 Sting                    Tmut/Pois      0%         1d3       82%         1
 Poisonous Vapours        Pois/Air       0%         N/A       91%         2
 Confusing Touch          Hex            0%         N/A       99%         3
 Dispel Undead            Necr           0%         3d6       100%        4
 Olgreb's Toxic Radiance  Pois           0%         N/A       100%        4


Dungeon Overview and Level Annotations

Branches:
Dungeon (4/15)
 Temple: D:4-7

Altars:


Innate Abilities, Weirdness & Mutations

You are amphibious.
You cover ground slowly.
You can hop short distances.
You have an extended range of vision and can be seen from far away.


Message History

No target in view!
No target in view!
No target in view!
No target in view!
You see here 8 stones.
An ogre comes into view. It is wielding a +0 giant club.
The ogre shouts!
The ogre moves out of view.
An ogre is nearby!
An ogre is nearby!
A rat comes into view.
You hit the ogre.
The ogre is lightly wounded.
The ogre hits you with a +0 giant club!
You completely miss the ogre.
The ogre is lightly wounded.
The ogre hits you with a +0 giant club!
You slash the ogre!
The ogre is moderately wounded.
The ogre barely misses you.
You hit the ogre.
The ogre is heavily wounded.
The ogre hits you with a +0 giant club!
You are too injured to fight recklessly!
You are too injured to fight recklessly!
You are too injured to fight recklessly!
You are too injured to fight recklessly!
You are too injured to fight recklessly!
You are too injured to fight recklessly!
You are too injured to fight recklessly!
You are too injured to fight recklessly!
You are too injured to fight recklessly!
You are too injured to fight recklessly!
You barely miss the ogre.
The ogre is heavily wounded.
You block the ogre's attack.
You hit the ogre.
The ogre is heavily wounded.
The ogre hits you with a +0 giant club!!
You die...

..######## #.#
#........# #.#
.#######.# #.# ..#
#.####.# #.### #......#
#...####.######
###...)#..#
####)...##########.####
#...........@Or.....#
###
#.##...(...#####..###
..###.###..###.#
..'........>##.#
..###.##.....#.#
###..........#.#
#.#.##.#.#.#.#
#.#.##.#.#.#.#
#.#.##.#.#.#.#


You could see an ogre and a rat.

Vanquished Creatures
  A jelly (D:4)
  Robin (D:3)
  3 adders
  2 worms (D:3)
  8 orcs (D:3)
  4 bats
  3 endoplasms
  2 giant cockroaches (D:1)
  10 goblins
  6 hobgoblins
  2 jackals (D:1)
  A kobold (D:2)
  4 quokkas
  7 ball pythons
  9 frilled lizards
  3 rats
66 creatures vanquished.

Vanquished Creatures (others)
  A fungus (D:1)
  A plant (D:1)
2 creatures vanquished.

Grand Total: 68 creatures vanquished

Notes
Turn   | Place    | Note
-------+----------+-------------------------------------------
     0 | D:1      | cforsyth the Barachi Fighter began the quest for the Orb.
     0 | D:1      | Reached XP level 1. HP: 18/18 MP: 1/1
    37 | D:1      | Found a faded altar of an unknown god.
   118 | D:1      | Reached XP level 2. HP: 25/25 MP: 2/2
   400 | D:1      | Reached XP level 3. HP: 29/30 MP: 3/3
  1330 | D:3      | Reached XP level 4. HP: 37/37 MP: 4/4
  1931 | D:3      | Noticed Robin
  1962 | D:4      | Reached XP level 5. HP: 27/43 MP: 5/5
  2081 | D:3      | Killed Robin
  2376 | D:3      | Noticed an ogre
  2385 | D:3      | Slain by an ogre

Illustrated notes

Levels and vault maps discovered:
D:1:      nzn_arrival_crosshair, layout_basic,
          shapermc_ecumenical_altar_mp_ritualfount
D:2:      layout_loops_ring, guppyfry_early_lair_pool
D:3:      layout_basic, uniq_robin
D:4:      layout_layer_cave, serial_park_tiny_2, minmay_misc_feat_square,
          minmay_unequal

Skill      XL: |  1  2  3  4 |
---------------+-------------+-----
Armour         | 4 |  4.7
Fighting       | 4 |  4.7
Axes           | 3 |  3.4
Shields        | 4 |  4.3

Action                     |  1- 3 |  4- 6 || total
---------------------------+-------+-------++-------
  Melee: War axe           |    95 |   100 ||   195
 Armour: Scale mail        |    60 |    47 ||   107
  Dodge: Dodged            |    43 |    42 ||    85
  Block: Buckler           |    19 |    32 ||    51

Table legend: (Time is in decaauts)
 A = Elapsed time spent in this place.
 B = Non-inter-level travel time spent in this place.
 C = Inter-level travel time spent in this place.
 D = Time resting spent in this place.
 E = Time spent auto-exploring this place.
 F = Levels seen in this place.
 G = Mean time per level.
                   A        B        C        D        E       F      G
               +--------+--------+--------+--------+--------+-----+--------+
         Total |   2814 |   2765 |     49 |     79 |   2124 |   4 |  703.5 |
       Dungeon |   2814 |   2765 |     49 |     79 |   2124 |   4 |  703.5 |
               +--------+--------+--------+--------+--------+-----+--------+

Top non-repeatable levels by time:
     D:3: 1325 daAuts
     D:2: 693 daAuts
     D:1: 679 daAuts
     D:4: 117 daAuts
